3L
CHICAGO GOLD SOX @ PHILADELPHIA 1776 BC
10/01/2027
 
TOP OF THE 1ST
Chicago Gold Sox batting - Pitching for Philadelphia 1776 BC : RHP George Frazier
Pitching: RHP George Frazier
Batting: LHB Noel Ballard 0-0: Foul Ball, location: 2F
0-1: Ball
1-1: SINGLE (Groundball, 6MD)
Batting: RHB Ben Kennerly 0-0: Ball
1-0: Fly out, F8 (Flyball, 8LS)
Batting: LHB Eddie Flynn 0-0: Ball
1-0: Foul Ball, location: 2F
1-1: Called Strike
1-2: Ball
2-2: Strikes out looking
Batting: LHB Melvin Castro 0-0: Ball
1-0: Ball
2-0: Ball
3-0: Base on Balls
Noel Ballard to second
Batting: SHB Lupo Cotto 0-0: Ball
1-0: Ball
2-0: Called Strike
2-1: Called Strike
2-2: Ball
3-2: Base on Balls
Noel Ballard to third
Melvin Castro to second
Batting: LHB Naohiro Sakai 0-0: Foul Ball, location: 2F
0-1: Ball
1-1: Ball
2-1: Foul Ball, location: 2F
2-2: Ball
3-2: Foul Ball, location: 2F
3-2: SINGLE (Groundball, 4MD)
Noel Ballard scores
Melvin Castro to third
Lupo Cotto to second
Melvin Castro scores
Lupo Cotto to third
Batting: LHB Arthur Ryan 0-0: Called Strike
0-1: Called Strike
0-2: Foul Ball, location: 2F
0-2: Ball
1-2: Strikes out swinging
Top of the 1st over - 2 run(s), 2 hit(s), 0 error(s), 2 left on base; Chicago 2 - Philadelphia 1776 0
BOTTOM OF THE 1ST
Philadelphia 1776 BC batting - Pitching for Chicago Gold Sox : LHP Keisuke Nishida
Pitching: LHP Keisuke Nishida
Batting: RHB Jesús Orozco 0-0: Ball
1-0: Ball
2-0: Foul Ball, location: 2F
2-1: Swinging Strike
2-2: Foul Ball, location: 2F
2-2: Foul Ball, location: 2F
2-2: Foul Ball, location: 2F
2-2: Foul Ball, location: 2F
2-2: Reached on error, E6 (Popup, 6D)
Batting: LHB Manoo Satyavrat 0-0: Called Strike
0-1: Ball
1-1: Ball
2-1: Called Strike
2-2: Foul Ball, location: 2F
2-2: Strikes out swinging
Batting: RHB John Schnatter 0-0: Ball
1-0: Foul Ball, location: 2F
1-1: Ball
Jesús Orozco is caught stealing 2nd base
2-1: Called Strike
2-2: Ground out 6-3 (Groundball, 56)
Bottom of the 1st over - 0 run(s), 0 hit(s), 1 error(s), 0 left on base; Chicago 2 - Philadelphia 1776 0
TOP OF THE 2ND
Chicago Gold Sox batting - Pitching for Philadelphia 1776 BC : RHP George Frazier
Batting: LHB Stanley Belote 0-0: SINGLE (Groundball, P) (infield hit)
Batting: RHB Jay Hood 0-0: SINGLE (Line Drive, 6)
Stanley Belote to second
Batting: LHB Noel Ballard 0-0: Ball
1-0: Fielders Choice at 2nd, 3-6 (Groundball, 34)
Stanley Belote to third
Batting: RHB Ben Kennerly 0-0: Grounds into double play, 6-4-3 (Groundball, 6M)
Top of the 2nd over - 0 run(s), 2 hit(s), 0 error(s), 1 left on base; Chicago 2 - Philadelphia 1776 0
BOTTOM OF THE 2ND
Philadelphia 1776 BC batting - Pitching for Chicago Gold Sox : LHP Keisuke Nishida
Batting: RHB Russell Jackson 0-0: Swinging Strike
0-1: Ball
1-1: Ball
2-1: Ball
3-1: Foul Ball, location: 2F
3-2: Ground out 6-3 (Groundball, 6)
Batting: SHB Jesús Cabańe 0-0: Called Strike
0-1: Ball
1-1: Ball
2-1: Swinging Strike
2-2: Foul Ball, location: 2F
2-2: Foul Ball, location: 2F
2-2: Ball
3-2: Strikes out looking
Batting: LHB Tony Vega 0-0: Ball
1-0: SINGLE (Flyball, 8RS)
Batting: RHB António Granados 0-0: Called Strike
0-1: Ball
1-1: Ball
2-1: Fly out, F9 (Flyball, 9)
Bottom of the 2nd over - 0 run(s), 1 hit(s), 0 error(s), 1 left on base; Chicago 2 - Philadelphia 1776 0
TOP OF THE 3RD
Chicago Gold Sox batting - Pitching for Philadelphia 1776 BC : RHP George Frazier
Batting: LHB Eddie Flynn 0-0: Ball
1-0: Swinging Strike
1-1: Ball
2-1: Ball
3-1: Foul Ball, location: 2F
3-2: Base on Balls
Batting: LHB Melvin Castro 0-0: Ball
1-0: Ball
2-0: Ball
3-0: Called Strike
3-1: Base on Balls
Eddie Flynn to second
Batting: SHB Lupo Cotto 0-0: Ball
1-0: Foul Ball, location: 2F
1-1: Ball
2-1: SINGLE (Flyball, 9S)
Eddie Flynn to third
Melvin Castro to second
Batting: LHB Naohiro Sakai 0-0: Called Strike
0-1: Ball
1-1: Called Strike
1-2: Foul Ball, location: 2F
1-2: SINGLE (Groundball, 34D)
Eddie Flynn scores
Melvin Castro to third
Lupo Cotto to second
Runner from 3rd tries for Home, SAFE, throw made home
Lupo Cotto to third
Naohiro Sakai to second
Batting: LHB Arthur Ryan 0-0: Ball
1-0: Ball
2-0: Ball
3-0: Base on Balls
Batting: LHB Stanley Belote 0-0: Ball
1-0: Fly out, F9 (Flyball, 9)
Runner from 3rd tags up, SCORES, no throw
Batting: RHB Jay Hood 0-0: Foul Ball, location: 2F
0-1: Ball
1-1: Called Strike
1-2: Ball
2-2: Ball
3-2: Foul Ball, location: 2F
3-2: Strikes out swinging
Batting: LHB Noel Ballard 0-0: Ball
Wild Pitch!
Naohiro Sakai to third
Arthur Ryan to second
1-0: Ball
2-0: Foul Ball, location: 2F
2-1: Ground out 4-3 (Groundball, 4)
Top of the 3rd over - 3 run(s), 2 hit(s), 0 error(s), 2 left on base; Chicago 5 - Philadelphia 1776 0
BOTTOM OF THE 3RD
Philadelphia 1776 BC batting - Pitching for Chicago Gold Sox : LHP Keisuke Nishida
Batting: RHB Dave Morris 0-0: Called Strike
0-1: Ball
1-1: Foul Ball, location: 2F
1-2: Strikes out swinging
Batting: RHB Fernando Rivera 0-0: Ball
1-0: Ground out 5-3 (Groundball, 5)
Batting: RHB Jesús Orozco 0-0: Ground out 1-3 (Groundball, 13)
Bottom of the 3rd over - 0 run(s), 0 hit(s), 0 error(s), 0 left on base; Chicago 5 - Philadelphia 1776 0
TOP OF THE 4TH
Chicago Gold Sox batting - Pitching for Philadelphia 1776 BC : RHP George Frazier
Batting: RHB Ben Kennerly 0-0: Swinging Strike
0-1: Called Strike
0-2: Strikes out swinging
Batting: LHB Eddie Flynn 0-0: Called Strike
0-1: Foul Ball, location: 2F
0-2: Fly out, F8 (Flyball, 78XD)
Batting: LHB Melvin Castro 0-0: Called Strike
0-1: Fly out, F9 (Flyball, 9D)
Top of the 4th over - 0 run(s), 0 hit(s), 0 error(s), 0 left on base; Chicago 5 - Philadelphia 1776 0
BOTTOM OF THE 4TH
Philadelphia 1776 BC batting - Pitching for Chicago Gold Sox : LHP Keisuke Nishida
Batting: LHB Manoo Satyavrat 0-0: Called Strike
0-1: Ball
1-1: SINGLE (Flyball, 8LS)
Batting: RHB John Schnatter 0-0: Ball
1-0: Grounds into double play, 4-6-3 (Groundball, 34)
Batting: RHB Russell Jackson 0-0: Called Strike
0-1: Called Strike
0-2: Ball
1-2: Strikes out looking
Bottom of the 4th over - 0 run(s), 1 hit(s), 0 error(s), 0 left on base; Chicago 5 - Philadelphia 1776 0
TOP OF THE 5TH
Chicago Gold Sox batting - Pitching for Philadelphia 1776 BC : RHP George Frazier
Batting: SHB Lupo Cotto 0-0: Ball
1-0: SOLO HOME RUN (Line Drive, 9D), Distance : 396 ft
Pitching: RHP António Rodríguez
Batting: LHB Naohiro Sakai 0-0: Ground out 4-3 (Groundball, 34D)
Batting: LHB Arthur Ryan 0-0: Ball
1-0: Foul Ball, location: 2F
1-1: Foul Ball, location: 2F
1-2: Fly out, F9 (Flyball, 89M)
Batting: LHB Stanley Belote 0-0: Called Strike
0-1: Ball
1-1: Foul Ball, location: 2F
1-2: Foul Ball, location: 2F
1-2: Ground out 4-3 (Groundball, 34D)
Top of the 5th over - 1 run(s), 1 hit(s), 0 error(s), 0 left on base; Chicago 6 - Philadelphia 1776 0
BOTTOM OF THE 5TH
Philadelphia 1776 BC batting - Pitching for Chicago Gold Sox : LHP Keisuke Nishida
Batting: SHB Jesús Cabańe 0-0: Ground out 5-3 (Groundball, 56)
Batting: LHB Tony Vega 0-0: Called Strike
0-1: Called Strike
0-2: Hit by Pitch
Batting: RHB António Granados 0-0: DOUBLE (Groundball, 3L)
Tony Vega to third
Batting: RHB Dave Morris 0-0: Ball
1-0: Called Strike
1-1: Fly out, F5 (Popup, 5D)
Batting: RHB Fernando Rivera 0-0: Ball
1-0: 3-RUN HOME RUN (Flyball, 7D), Distance : 389 ft
Batting: RHB Jesús Orozco 0-0: Foul Ball, location: 2F
0-1: Ball
1-1: Fly out, F4 (Popup, 34D)
Bottom of the 5th over - 3 run(s), 2 hit(s), 0 error(s), 0 left on base; Chicago 6 - Philadelphia 1776 3
TOP OF THE 6TH
Chicago Gold Sox batting - Pitching for Philadelphia 1776 BC : RHP António Rodríguez
Batting: RHB Jay Hood 0-0: Ball
1-0: Called Strike
1-1: Fly out, F9 (Flyball, 9S)
Batting: LHB Noel Ballard 0-0: Ball
1-0: Foul Ball, location: 2F
1-1: Foul Ball, location: 2F
1-2: Foul Ball, location: 2F
1-2: Foul Ball, location: 2F
1-2: Foul Ball, location: 2F
1-2: Foul Ball, location: 2F
1-2: Foul Ball, location: 2F
1-2: Ball
2-2: Ball
3-2: Foul Ball, location: 2F
3-2: DOUBLE (Line Drive, 8LM)
Batting: RHB Ben Kennerly 0-0: Ball
Noel Ballard steals 3rd base
1-0: Fly out, F8 (Flyball, 8RS)
Batting: LHB Eddie Flynn 0-0: Ball
1-0: Ball
2-0: Called Strike
2-1: Ball
Wild Pitch!
Noel Ballard scores
3-1: Base on Balls
Batting: LHB Melvin Castro 0-0: Swinging Strike
0-1: Called Strike
0-2: Ball
1-2: Ball
2-2: Strikes out swinging
Top of the 6th over - 1 run(s), 1 hit(s), 0 error(s), 1 left on base; Chicago 7 - Philadelphia 1776 3
BOTTOM OF THE 6TH
Philadelphia 1776 BC batting - Pitching for Chicago Gold Sox : LHP Keisuke Nishida
Batting: LHB Manoo Satyavrat 0-0: Ball
1-0: Swinging Strike
1-1: Ball
2-1: Foul Ball, location: 2F
2-2: Foul Ball, location: 2F
2-2: Fly out, F6 (Popup, 4MD)
Batting: RHB John Schnatter 0-0: Ball
1-0: Ball
2-0: SINGLE (Flyball, 89S)
Batting: RHB Russell Jackson 0-0: Foul Ball, location: 2F
0-1: Swinging Strike
0-2: Ball
1-2: Ball
2-2: Strikes out looking
Batting: SHB Jesús Cabańe 0-0: Called Strike
0-1: Ball
1-1: Ball
2-1: Fly out, F7 (Flyball, 7)
Bottom of the 6th over - 0 run(s), 1 hit(s), 0 error(s), 1 left on base; Chicago 7 - Philadelphia 1776 3
TOP OF THE 7TH
Chicago Gold Sox batting - Pitching for Philadelphia 1776 BC : RHP António Rodríguez
Batting: SHB Lupo Cotto 0-0: Ball
1-0: Ball
2-0: Called Strike
2-1: Foul Ball, location: 2F
2-2: Foul Ball, location: 2F
2-2: Foul Ball, location: 2F
2-2: Ground out 4-3 (Groundball, 4)
Batting: LHB Naohiro Sakai 0-0: Fly out, F8 (Line Drive, 8RD)
Batting: LHB Arthur Ryan 0-0: Called Strike
0-1: Called Strike
0-2: Strikes out swinging
Top of the 7th over - 0 run(s), 0 hit(s), 0 error(s), 0 left on base; Chicago 7 - Philadelphia 1776 3
BOTTOM OF THE 7TH
Philadelphia 1776 BC batting - Pitching for Chicago Gold Sox : LHP Keisuke Nishida
Batting: LHB Tony Vega 0-0: Called Strike
0-1: Ball
1-1: Swinging Strike
1-2: SINGLE (Groundball, 34D)
Pitching: RHP Decheng Sun
Batting: RHB António Granados 0-0: Called Strike
0-1: SINGLE (Groundball, 34D)
Tony Vega to second
Throwing error, E9
Tony Vega scores
António Granados to second
Batting: RHB Dave Morris 0-0: Ball
1-0: Ball
2-0: Foul Ball, location: 2F
2-1: Foul Ball, location: 2F
2-2: Ground out 5-3 (Groundball, 56S)
António Granados to third
Batting: RHB Fernando Rivera 0-0: Called Strike
0-1: Foul Ball, location: 2F
0-2: Fly out, F9 (Flyball, 89S)
Batting: RHB Jesús Orozco 0-0: Ball
1-0: Called Strike
1-1: Ball
2-1: Foul Ball, location: 2F
2-2: Ball
3-2: Fly out, F9 (Flyball, 9D)
Bottom of the 7th over - 1 run(s), 2 hit(s), 1 error(s), 1 left on base; Chicago 7 - Philadelphia 1776 4
TOP OF THE 8TH
Chicago Gold Sox batting - Pitching for Philadelphia 1776 BC : RHP António Rodríguez
Batting: LHB Stanley Belote 0-0: Called Strike
0-1: Foul Ball, location: 2F
0-2: Foul Ball, location: 2F
0-2: Ball
1-2: Ball
2-2: Foul Ball, location: 2F
2-2: Foul Ball, location: 2F
2-2: Ground out 4-3 (Groundball, 4S)
Pitching: RHP Bill Maddox
Batting: RHB Jay Hood 0-0: Ball
1-0: Foul Ball, location: 2F
1-1: DOUBLE (Line Drive, 7LM)
Batting: LHB Noel Ballard 0-0: Intentional Walk
Batting: RHB Ben Kennerly 0-0: Called Strike
0-1: Ball
1-1: Swinging Strike
1-2: Ball
2-2: Strikes out swinging
Batting: LHB Eddie Flynn 0-0: Called Strike
0-1: Called Strike
0-2: Ball
1-2: Ball
2-2: Foul Ball, location: 2F
2-2: Strikes out swinging
Top of the 8th over - 0 run(s), 1 hit(s), 0 error(s), 2 left on base; Chicago 7 - Philadelphia 1776 4
BOTTOM OF THE 8TH
Philadelphia 1776 BC batting - Pitching for Chicago Gold Sox : RHP Decheng Sun
Batting: LHB Manoo Satyavrat 0-0: Ball
1-0: Ball
2-0: Called Strike
2-1: Ball
3-1: Fly out, F7 (Flyball, 78XD)
Batting: RHB John Schnatter 0-0: Ball
1-0: Ball
2-0: Ground out 6-3 (Groundball, 6)
Batting: RHB Russell Jackson 0-0: Called Strike
0-1: Ball
1-1: Swinging Strike
1-2: Ball
2-2: Strikes out swinging
Bottom of the 8th over - 0 run(s), 0 hit(s), 0 error(s), 0 left on base; Chicago 7 - Philadelphia 1776 4
TOP OF THE 9TH
Chicago Gold Sox batting - Pitching for Philadelphia 1776 BC : RHP Bill Maddox
Batting: LHB Melvin Castro 0-0: Called Strike
0-1: Called Strike
0-2: Ground out U3 (Groundball, 3L)
Batting: SHB Lupo Cotto 0-0: Called Strike
0-1: Called Strike
0-2: Ball
1-2: Ball
2-2: Strikes out swinging
Batting: LHB Naohiro Sakai 0-0: Ball
1-0: Ground out 5-3 (Groundball, 56S)
Top of the 9th over - 0 run(s), 0 hit(s), 0 error(s), 0 left on base; Chicago 7 - Philadelphia 1776 4
BOTTOM OF THE 9TH
Philadelphia 1776 BC batting - Pitching for Chicago Gold Sox : RHP Decheng Sun
Pitching: RHP Augusto Dávila
Batting: SHB Jesús Cabańe 0-0: Called Strike
0-1: Fly out, F8 (Flyball, 8RD)
Batting: LHB Tony Vega 0-0: Foul Ball, location: 2F
0-1: Ground out 4-3 (Groundball, 4)
Batting: RHB António Granados 0-0: Ball
1-0: Ball
2-0: SINGLE (Flyball, 8RS)
Batting: RHB Dave Morris 0-0: Called Strike
0-1: Ball
1-1: Ball
2-1: Called Strike
2-2: Ball
3-2: Base on Balls
António Granados to second
Batting: RHB Fernando Rivera 0-0: Ball
1-0: Swinging Strike
1-1: Swinging Strike
1-2: Ball
2-2: Strikes out swinging
Bottom of the 9th over - 0 run(s), 1 hit(s), 0 error(s), 2 left on base; Chicago 7 - Philadelphia 1776 4
Saturday, May 26th, 2018 - OOTP Baseball 17.12 Build 75